[Event "*** Titled Tuesday Blitz"]
[Site "Chess.com"]
[Date "2019.08.06"]
[Round "9"]
[White "Walter_White_Poland"]
[Black "SoCalJuniorChess"]
[Result "0-1"]
[WhiteElo "2284"]
[BlackElo "1875"]
[TimeControl "180+2"]
[EndTime "15:08:05 PDT"]
[Termination "SoCalJuniorChess won on time"]

1. e4 g6 2. d4 Bg7 3. Nc3 d6 4.
f4 a6 5. Nf3 Nd7 6. e5 c5 7.
exd6 exd6 8. Qe2+ Ne7 9. Nd5 Nb6 10. Nxe7 Qxe7 11. dxc5 Qxe2+ 12. Bxe2 dxc5 13. O-O O-O 14. c3 Be6 15. g3 Bc4 16. Bxc4 Nxc4 17. Rb1 Rfe8 18.
Kf2 Rad8 19. Re1 Rxe1 20. Nxe1 b5 21. Be3 Nd6 22. Rd1 Ne4+ 23. Ke2 Rxd1 24. Kxd1 c4 25. Ke2 a5 26. Nc2 Bxc3 27. bxc3 Nxc3+ 28. Kd2 Nxa2 29. Bc5 b4 30. Nd4 b3 31. Ba3 c3+ 32. Kd3 b2 33.
Kc2 Kg7 34. Kb1 Nb4 35. Bxb4 axb4 36. Nc6 b3 37. Nd4 Kf6 38. Nxb3 Kf5 39. Nd4+ Ke4 40.
Nc6 Kd3 41. Nb4+ Kd2 42. Nc2 Ke2 43. Nd4+ Kd2 0-1

[Event "*** Titled Tuesday Blitz"]
[Site "Chess.com"]
[Date "2019.08.06"]
[Round "9"]
[White "Vuk2000"]
[Black "resha1988"]
[Result "1-0"]
[WhiteElo "2757"]
[BlackElo "2772"]
[TimeControl "180+2"]
[EndTime "15:08:09 PDT"]
[Termination "Vuk2000 won by resignation"]

1. d4 d5 2. Nf3 Nf6 3. c4 c6 4.
Nc3 dxc4 5. a4 e6 6. e3 c5 7. Bxc4 Nc6 8. O-O Be7 9. Qe2 cxd4 10. exd4 O-O 11. Rd1 Nb4 12. Bg5 Bd7 13. Ne5 Rc8 14.
Bb3 Bc6 15. Nxf7 Rxf7 16. Bxe6 Kf8 17. Bxc8 Qxc8 18. Rac1 Qf5 19. Qe5 Qg4 20. d5 Nfxd5 21. Nxd5 Bxg5 22. Qb8+ Be8 23. Re1 Be7 24. Nxe7 Rxe7 25.
Rxe7 Kxe7 26. Qe5+ Kf8 27. Qd6+ Kg8 28. Re1 Bd7 29.
h3 1-0

[Event "*** Titled Tuesday Blitz"]
[Site "Chess.com"]
[Date "2019.08.06"]
[Round "9"]
[White "Morscas"]
[Black "Mazanchenko_Dmitry"]
[Result "0-1"]
[WhiteElo "2190"]
[BlackElo "2225"]
[TimeControl "180+2"]
[EndTime "15:08:13 PDT"]
[Termination "Mazanchenko_Dmitry won by resignation"]

1. c4 g6 2. g3 Bg7 3. Bg2 d6 4. Nc3 Nc6 5. e4 Nd4 6. Nge2 Bg4 7. O-O Bxe2 8. Nxe2 Nxe2+ 9. Qxe2 c5 10. d3 e6 11.
Rb1 a5 12. e5 Bxe5 13. Bxb7 Rb8 14. Bc6+ Kf8 15. a3 Ne7 16. Bg2 Nf5 17. Be3 Bd4 18. b4 axb4 19. axb4 cxb4 20. g4 Nxe3 21. fxe3 Bg7 22.
Qf3 Qe7 23. d4 Bh6 24. h4 g5 25. Rb2 gxh4 26. Rbf2 Rg8 27. Qxf7+ Qxf7 28. Rxf7+ Ke8 29. Bc6+ Kd8 30. Rd7+ Kc8 31. Rff7 Rxg4+ 32. Kh2 Rg5 33. Rxh7 Rg8 34. Rc7+ Kd8 35. Rcg7 Rxg7 36. Rxh6 Kc7 37. Be4 b3 38. Rxe6 b2 39. Bb1 h3 40. Rh6 Rg2+ 41.
Kxh3 Rg1 42. Be4 b1=Q 43. Bxb1 Rbxb1 44. Rh7+ Kc6 45. d5+ Kc5 46. Rc7+ Kb4 47. c5 dxc5 48. d6 Rbd1 49. d7 Rge1 0-1

[Event "*** Titled Tuesday Blitz"]
[Site "Chess.com"]
[Date "2019.08.06"]
[Round "9"]
[White "S-Fazulyanov"]
[Black "oezs95"]
[Result "1/2-1/2"]
[WhiteElo "2427"]
[BlackElo "2379"]
[TimeControl "180+2"]
[EndTime "15:08:13 PDT"]
[Termination "Game drawn by repetition"]

1. d4 Nf6 2. c4 e6 3. Nf3 b6 4. g3 Ba6 5. b3 Bb4+ 6. Bd2 Be7 7. Bg2 d5 8. O-O Nbd7 9. Qc2 O-O 10. Bf4 Rc8 11.
Nc3 c5 12. cxd5 cxd4 13. Nxd4 Nxd5 14. Bxd5 exd5 15. Qb2 Nf6 16. Rac1 Qd7 17. Rfd1 Rfe8 18. Kg2 h5 19. a4 h4 20. Ncb5 h3+ 21. Kg1 Bc5 22.
b4 Bxd4 23. Nxd4 Rxc1 24. Rxc1 Bc4 25. b5 Ne4 26. f3 Nc5 27. Qc2 a6 28. Rb1 axb5 29.
axb5 Ra8 30. Qc3 Ra2 31. Qe3 Ne6 32. Be5 Nxd4 33. Bxd4 Rxe2 34. Qg5 f6 35. Bxf6 Qf7 36.
Bd4 Rg2+ 37. Kh1 Rb2 38. Qd8+ Kh7 39. Qh4+ Kg8 40. Qd8+ Kh7 41. Qh4+ Kg8 42. Qd8+ 1/2-1/2

[Event "*** Titled Tuesday Blitz"]
[Site "Chess.com"]
[Date "2019.08.06"]
[Round "9"]
[White "underdogchss"]
[Black "12teen"]
[Result "0-1"]
[WhiteElo "2512"]
[BlackElo "2649"]
[TimeControl "180+2"]
[EndTime "15:08:15 PDT"]
[Termination "12teen won by resignation"]

1. d4 a6 2. g3 b5 3. Bg2 d5 4. a4 b4 5. Nd2 Bb7 6. a5 Nf6 7. Ngf3 e6 8. O-O Nbd7 9. c4 bxc3 10.
bxc3 c5 11. Qa4 Qc7 12. Ne5 Bd6 13. Nxd7 Nxd7 14. e4 O-O 15. e5 Be7 16. Ba3 Bc6 17. Qd1 Rfb8 18. c4 dxc4 19. Nxc4 Bxg2 20. Kxg2 cxd4 21. Qxd4 Bxa3 22. Rxa3 Rb5 23. Qe4 Rc8 24. Rd1 Rb4 25. Rc3 Nc5 26. Qf3 Na4 27. Rcd3 Nc5 28.
Rd4 Rb3 29. Nb6 Rxf3 30. Nxc8 Rd3 31. R1xd3 Nxd3 32. Nb6 Nxe5 33. f4 Ng6 34. Rc4 Qb7+ 35. Kh3 Ne7 36. Rd4 g6 37. Kh4 Nf5+ 0-1

[Event "*** Titled Tuesday Blitz"]
[Site "Chess.com"]
[Date "2019.08.06"]
[Round "9"]
[White "NMZanette"]
[Black "Zq1"]
[Result "0-1"]
[WhiteElo "2319"]
[BlackElo "2547"]
[TimeControl "180+2"]
[EndTime "15:08:18 PDT"]
[Termination "Zq1 won by checkmate"]

1. e4 c5 2. Nf3 d6 3. d4 cxd4 4. Nxd4 Nf6 5. f3 e5 6. Nb3 d5 7. Bg5 Be7 8. Bxf6 Bxf6 9. Bb5+ Bd7 10. Qxd5 O-O 11. Bxd7 Nxd7 12. Nc3 Nb6 13. Qxd8 Rfxd8 14. Ke2 Nc4 15. Rab1 a5 16. a4 Rac8 17. Nd5 Nb6 18. Nxb6 Rxc2+ 19. Kf1 Rd3 20. Na1 Rc6 21. Nd5 Rd2 22.
Nxf6+ gxf6 23. Re1 Rxb2 24. h4 Rc4 25. Rh3 Rxa4 26. h5 h6 27. Rg3+ Kf8 28. Rc1 Raa2 29.
Rc8+ Ke7 30. Rc1 a4 31. Rg8 a3 32. Rgc8 Rf2+ 33. Ke1 Rxg2 34. Nc2 f5 35. exf5 Kf6 36.
Rc3 b5 37. Kf1 Rd2 38. Ke1 Rh2 39. Nxa3 Rh1# 0-1

[Event "*** Titled Tuesday Blitz"]
[Site "Chess.com"]
[Date "2019.08.06"]
[Round "9"]
[White "Vadim_Biliy"]
[Black "colegiodemadrid"]
[Result "1/2-1/2"]
[WhiteElo "2212"]
[BlackElo "2334"]
[TimeControl "180+2"]
[EndTime "15:08:19 PDT"]
[Termination "Game drawn by agreement"]

1. d4 Nf6 2. Nf3 g6 3. e3 Bg7 4. Be2 O-O 5. O-O d6 6. b3 e5 7. Bb2 e4 8. Nfd2 d5 9. f3 exf3 10. Nxf3 Re8 11. Ne5 Nbd7 12. Nd2 Nxe5 13. dxe5 Nd7 14.
Nf3 Nxe5 15. Nxe5 Bxe5 16. Bxe5 Rxe5 17. Bf3 Rxe3 18. Bxd5 Be6 19. Bxe6 Rxe6 20. Qxd8+ Rxd8 21. Rf2 Kg7 22. g3 f5 23. Kg2 h5 24. c4 Rd3 25.
Rc1 c5 26. Rcc2 Re4 27. Rcd2 Ree3 28. Rxd3 Rxd3 29. Re2 Kf7 30. Re5 b6 31. Re2 a6 32.
Kf2 Rd4 33. Kf3 h4 34. Rc2 hxg3 35. hxg3 g5 36. Kg2 Rd3 37. Rf2 Kf6 38. Re2 Rc3 39.
Rd2 Ke5 40. Re2+ Kd4 41. Rf2 Ke4 42. Re2+ Re3 43. Rd2 b5 44. Rc2 b4 45. Rd2 a5 46.
Rd5 Re2+ 47. Kh3 Rxa2 48. Rxc5 a4 49. bxa4 Rxa4 50. Rb5 b3 51. Rxb3 Rxc4 52. Ra3 Rb4 53. Rc3 Rd4 54. Ra3 f4 55. gxf4 gxf4 56. Kg4 Rd8 57.
Ra4+ Ke3 58. Ra3+ Ke4 59. Ra4+ Ke3 60. Ra3+ Kf2 61. Kxf4 Rd4+ 62. Ke5 Rb4 63. Rh3 Rb8 64. Kd6 Rb5 65. Kc6 Rg5 66. Kd6 Kg2 67. Ra3 Rb5 68. Kc6 Rh5 69. Kd6 Rb5 70. Kc6 Rb8 71. Kc7 Rb2 72.
Kc6 Kf2 73. Kc5 Ke2 74. Kc4 Rb8 75. Kd4 Rb4+ 76. Kc5 Rb8 77. Kd4 1/2-1/2

[Event "*** Titled Tuesday Blitz"]
[Site "Chess.com"]
[Date "2019.08.06"]
[Round "9"]
[White "AliKa2810"]
[Black "daro94"]
[Result "1-0"]
[WhiteElo "2590"]
[BlackElo "2672"]
[TimeControl "180+2"]
[EndTime "15:08:20 PDT"]
[Termination "AliKa2810 won by checkmate"]

1. c4 Nf6 2. Nc3 e5 3. Nf3 Nc6 4. g3 g6 5. Bg2 Bg7 6. O-O O-O 7.
d4 exd4 8. Nxd4 Re8 9. Nxc6 bxc6 10. Qd3 a5 11. b3 Ba6 12. Bb2 d5 13. Rad1 Rb8 14.
Qc2 Qe7 15. Rfe1 dxc4 16. Bxc6 cxb3 17. axb3 Red8 18. Nd5 Nxd5 19. Bxd5 Bxb2 20. Qxb2 Rb6 21. Qc3 Rbd6 22. Qxa5 Bb7 23. Qb4 c6 24. Bf3 c5 25. Qxc5 Rxd1 26. Qxe7 Rxe1+ 27. Kg2 Bxf3+ 28. Kxf3 Rb8 29. b4 Rb1 30. h4 h5 31. Kf4 R1xb4+ 32. e4 R4b7 33. Qc5 Rb5 34. Qc6 R5b6 35. Qd5 Rf6+ 36.
Kg5 Rxf2 37. Kh6 Rf6 38. Qe5 Rbb6 39. Qe8# 1-0

[Event "*** Titled Tuesday Blitz"]
[Site "Chess.com"]
[Date "2019.08.06"]
[Round "9"]
[White "enriquetejedor"]
[Black "MFBerna"]
[Result "0-1"]
[WhiteElo "2550"]
[BlackElo "2386"]
[TimeControl "180+2"]
[EndTime "15:08:24 PDT"]
[Termination "MFBerna won by resignation"]

1. e4 c6 2. Nc3 d5 3. d4 dxe4 4. Nxe4 Nf6 5. Ng3 e5 6. c3 exd4 7. Qxd4 Qxd4 8. cxd4 Bb4+ 9. Bd2 Bxd2+ 10. Kxd2 O-O 11.
Nf3 Rd8 12. Bc4 c5 13. Kc3 b5 14. Bxb5 Nd5+ 15. Kb3 cxd4 16. Nxd4 Nd7 17. Nc6 Rf8 18. Rad1 N7b6 19. Ka3 Bb7 20. Rhe1 a6 21. Ba4 Nxa4 22. Na5 Ndc3 23. bxc3 Nxc3 24. Nxb7 Nxd1 25. Rxd1 Rfc8 26. Rd3 Rc2 27. Ne4 f5 28. Rd2 Rxd2 29. Nxd2 Re8 30. Nc5 Re2 31. Nf3 Rxf2 32. Nxa6 Rxg2 33. Nc5 Rf2 34.
Nd4 Rxh2 35. Nxf5 Rh5 36. Nxg7 Rxc5 37. Ne6 Ra5+ 38. Kb3 h5 39. Nf4 h4 40. a4 Rf5 41.
Ne2 h3 42. Kb4 h2 43. Ng3 Rg5 44. Nh1 Rg1 45. Nf2 Rf1 46. Nd3 h1=Q 47. Nc5 Rb1+ 48.
Kc4 Rc1+ 49. Kb4 Qe1+ 50. Kb5 Rxc5+ 51. Kxc5 Qa5+ 0-1

[Event "*** Titled Tuesday Blitz"]
[Site "Chess.com"]
[Date "2019.08.06"]
[Round "9"]
[White "TregubovP"]
[Black "SergeiAza"]
[Result "1-0"]
[WhiteElo "2547"]
[BlackElo "2773"]
[TimeControl "180+2"]
[EndTime "15:08:25 PDT"]
[Termination "TregubovP won by resignation"]

1. d4 d5 2. c4 e6 3. Nc3 Be7 4. cxd5 exd5 5. Bf4 c6 6. e3 Bf5 7. Nge2 Nf6 8. Ng3 Bg6 9. h4 h5 10. Bd3 Bxd3 11. Qxd3 Nbd7 12. f3 O-O 13. O-O-O Re8 14. Kb1 g6 15. e4 dxe4 16. Ngxe4 Qa5 17. Bg5 Nxe4 18. Nxe4 Bf8 19. g4 hxg4 20. fxg4 Qb5 21.
Qxb5 cxb5 22. Rhe1 Bg7 23. h5 gxh5 24. gxh5 Kh7 25. d5 Nb6 26. d6 Nd7 27. Be7 Rac8 28. Rf1 Rc4 29. Ng5+ Kh6 30. Nxf7+ Kxh5 31. Rg1 Bf6 32.
Bxf6 Nxf6 33. Rg5+ 1-0

[Event "*** Titled Tuesday Blitz"]
[Site "Chess.com"]
[Date "2019.08.06"]
[Round "9"]
[White "GadimbayliA"]
[Black "Durarbayli"]
[Result "0-1"]
[WhiteElo "2878"]
[BlackElo "2826"]
[TimeControl "180+2"]
[EndTime "15:08:27 PDT"]
[Termination "Durarbayli won by resignation"]

1. e4 e5 2. Nf3 Nc6 3. Bb5 a6 4. Ba4 Nf6 5. O-O b5 6. Bb3 Bc5 7. c3 d6 8. d4 Bb6 9. Be3 Rb8 10.
Nbd2 O-O 11. a3 h6 12. h3 a5 13. Re1 Re8 14. dxe5 dxe5 15. Bxb6 Rxb6 16. Nf1 b4 17. axb4 axb4 18. c4 Be6 19. Qxd8 Rxd8 20. c5 Rb5 21. Bxe6 fxe6 22. Rec1 Nxe4 23. Ra6 Nd4 24. Nxd4 exd4 25. Rxe6 Rxc5 26. Rxc5 Nxc5 27. Rc6 Nb3 28. Rxc7 d3 29. Rb7 Rd4 30. Ne3 d2 31. g3 d1=Q+ 32. Nxd1 Rxd1+ 33. Kg2 Rd4 34. h4 Nc1 35. Rc7 Nd3 36. b3 Rd5 37.
Kf3 Rc5 38. Rb7 Rc3 39. Ke2 0-1

[Event "*** Titled Tuesday Blitz"]
[Site "Chess.com"]
[Date "2019.08.06"]
[Round "9"]
[White "Th3ChessViking"]
[Black "twitchTriniCupid"]
[Result "1-0"]
[WhiteElo "2416"]
[BlackElo "2299"]
[TimeControl "180+2"]
[EndTime "15:08:30 PDT"]
[Termination "Th3ChessViking won by resignation"]

1. d4 Nf6 2. c4 e6 3. Nc3 Bb4 4. f3 d5 5. a3 Be7 6. e4 dxe4 7. fxe4 e5 8. d5 Bc5 9. Nf3 Ng4 10. b4 Nf2 11. Qd2 O-O 12. bxc5 Nxh1 13. Bd3 Nd7 14. Na4 Qe7 15. Qe3 b6 16. c6 Nf6 17. Qg5 h6 18. Qh4 Bg4 19. Bd2 Rfe8 20. O-O-O Qxa3+ 21. Nb2 b5 22. c5 Qxc5+ 23. Kb1 Qf2 24. Rxh1 Qxg2 25. Rg1 Qxf3 26.
Bxh6 gxh6 27. h3 Kh7 28. hxg4 Rf8 29. Rh1 Qf4 30. Bc2 Qg5 31. Qxg5 Ng8 32. Qxe5 Rae8 33. Qf5+ Kg7 34. e5 Nf6 35. exf6+ 1-0

[Event "*** Titled Tuesday Blitz"]
[Site "Chess.com"]
[Date "2019.08.06"]
[Round "9"]
[White "HanSchut"]
[Black "norwaytoadog"]
[Result "1-0"]
[WhiteElo "2210"]
[BlackElo "2239"]
[TimeControl "180+2"]
[EndTime "15:08:38 PDT"]
[Termination "HanSchut won on time"]

1. e4 e5 2. Nf3 Nc6 3. Bc4 Nf6 4. d4 exd4 5. e5 d5 6. Bb5 Ne4 7. Nxd4 Bd7 8. Bxc6 bxc6 9. O-O Bc5 10. f3 Ng5 11.
Be3 O-O 12. f4 Ne4 13. Nd2 f6 14. Nxe4 dxe4 15. Qe2 Bxd4 16. Qc4+ Kh8 17. Bxd4 Bf5 18. Rad1 Qd5 19. Qc3 Qe6 20. h3 h5 21. b3 a6 22. Qg3 Rad8 23. Qh4 Qf7 24. g4 Bh7 25. f5 fxe5 26. Bxe5 Rd5 27. Bb2 Rfd8 28. Qxd8+ Rxd8 29. Rxd8+ Bg8 30. f6 g6 31. Rfd1 e3 32. R1d7 e2 33. Kf2 e1=Q+ 34. Kxe1 Qe6+ 35. Kd1 1-0

[Event "*** Titled Tuesday Blitz"]
[Site "Chess.com"]
[Date "2019.08.06"]
[Round "9"]
[White "Spring199"]
[Black "rst2003"]
[Result "0-1"]
[WhiteElo "2227"]
[BlackElo "2317"]
[TimeControl "180+2"]
[EndTime "15:08:39 PDT"]
[Termination "rst2003 won by resignation"]

1. d4 Nf6 2. c4 g6 3. Nc3 d5 4. cxd5 Nxd5 5. e4 Nxc3 6. bxc3 Bg7 7. Nf3 c5 8. Bb5+ Bd7 9. Bxd7+ Qxd7 10. O-O cxd4 11.
cxd4 Nc6 12. Be3 e6 13. d5 exd5 14. exd5 Ne7 15. Bd4 Bxd4 16. Qxd4 O-O 17. Rfd1 Rfd8 18. Qh4 Nxd5 19. Ng5 h5 20. Rd3 Qe7 21. Rad1 Nb6 22. g4 Rxd3 23. Rxd3 Rd8 24. Re3 Qb4 25. Ne4 Rd1+ 26.
Kg2 Nd5 27. Qd8+ Kg7 28. Kf3 hxg4+ 29. Kg3 Nxe3 30. Qf6+ Kg8 31. fxe3 Qxe4 0-1

[Event "*** Titled Tuesday Blitz"]
[Site "Chess.com"]
[Date "2019.08.06"]
[Round "9"]
[White "wonderfultime"]
[Black "gemarin"]
[Result "1-0"]
[WhiteElo "2855"]
[BlackElo "2091"]
[TimeControl "180+2"]
[EndTime "15:08:44 PDT"]
[Termination "wonderfultime won on time"]

1. d4 d5 2. Nf3 c6 3. Bf4 Qb6 4. Qc1 Bf5 5. e3 e6 6. c4 Bxb1 7. Qxb1 Bb4+ 8. Kd1 dxc4 9. Bxc4 Nf6 10. Ke2 Nbd7 11.
Qc2 O-O 12. Rhd1 Rfe8 13. Kf1 Nd5 14. Bg3 Be7 15. Rac1 N7f6 16. a3 Qd8 17. h3 Nb6 18. Ba2 Rc8 19. Kg1 Bd6 20. Bh4 Be7 21. e4 Nfd7 22. Bg3 Bf6 23. Bb1 Nf8 24. b4 Bg5 25. Nxg5 Qxg5 26. Qc5 Qd8 27. Rd3 Ng6 28. Qh5 Nd7 29. Rcd1 a5 30. Qxa5 Qxa5 31. bxa5 Ra8 32.
Rb3 Rxa5 33. Rxb7 Nf6 34. Rb3 Rea8 35. Bd6 Ra4 36. Rc3 Rc8 37. Bb4 Nf4 38. Kf1 Nd7 39.
Rdc1 Ra6 40. g3 Nxh3 41. Kg2 Ng5 42. f4 e5 43. fxg5 exd4 44. Rc4 c5 45. Rxd4 1-0

[Event "*** Titled Tuesday Blitz"]
[Site "Chess.com"]
[Date "2019.08.06"]
[Round "9"]
[White "MarianPetrov"]
[Black "Lion_DL"]
[Result "0-1"]
[WhiteElo "2558"]
[BlackElo "2360"]
[TimeControl "180+2"]
[EndTime "15:08:46 PDT"]
[Termination "Lion_DL won on time"]

1. e4 Nc6 2. Nc3 d6 3. f4 g6 4.
Nf3 Bg7 5. d4 Bg4 6. d5 Nd4 7.
Be3 Bxf3 8. gxf3 c5 9. Bg2 Qb6 10.
Rb1 Nb5 11. Ne2 Qa5+ 12. c3 Qxa2 13. O-O e6 14. Ra1 Qc4 15. b3 Nxc3 16. bxc4 Nxd1 17.
Raxd1 exd5 18. Rxd5 O-O-O 19. Rfd1 Ne7 20. Rxd6 Rxd6 21. Rxd6 b6 22. Bh3+ f5 23. Ng3 Rf8 24.
e5 Kc7 25. Ne2 g5 26. Nc3 gxf4 27. Bxf4 Ng6 28. Nd5+ Kb8 29. Rxg6 hxg6 30. e6+ Kc8 31.
Ne7+ Kd8 32. Nxg6 Rg8 33. Bxf5 Bf6 34. Kf2 a5 35. h4 a4 36. Bc1 Kc7 37. h5 Ra8 0-1

[Event "*** Titled Tuesday Blitz"]
[Site "Chess.com"]
[Date "2019.08.06"]
[Round "9"]
[White "vpsetter"]
[Black "iLuusions"]
[Result "1-0"]
[WhiteElo "2650"]
[BlackElo "2553"]
[TimeControl "180+2"]
[EndTime "15:08:49 PDT"]
[Termination "vpsetter won by resignation"]

1. e4 c5 2. Nf3 e6 3. d4 cxd4 4. Nxd4 a6 5. Be2 Nf6 6. Nc3 Bb4 7. O-O Bxc3 8. bxc3 Nxe4 9. Bf3 Nc5 10. Ba3 Qc7 11. Nb3 d6 12. Qd4 e5 13. Qe3 Nbd7 14. Rad1 O-O 15.
Rd2 f5 16. Rfd1 e4 17. Be2 Rf6 18. Qf4 Ne5 19. Nxc5 dxc5 20. Rd8+ Kf7 21. Bh5+ g6 22. Qh6 Ke7 23. Qg7+ Rf7 24. Qh8 Bd7 25. Rxa8 gxh5 26.
Rg8 Ng4 27. g3 b6 28. Rg7 Be6 29. Rxf7+ Bxf7 30. Qxh7 Qe5 31. Bc1 Nf6 32. Bg5 Ke6 33.
Qh6 e3 34. Bxf6 1-0

[Event "*** Titled Tuesday Blitz"]
[Site "Chess.com"]
[Date "2019.08.06"]
[Round "9"]
[White "Aknok"]
[Black "Quiet_Desperation"]
[Result "1-0"]
[WhiteElo "2459"]
[BlackElo "2483"]
[TimeControl "180+2"]
[EndTime "15:08:49 PDT"]
[Termination "Aknok won on time"]

1. d4 Nf6 2. c4 e6 3. Nf3 Bb4+ 4. Bd2 Qe7 5. g3 Nc6 6. Nc3 Bxc3 7. Bxc3 Ne4 8. Rc1 Nxc3 9. Rxc3 O-O 10. d5 Nb8 11.
Bg2 e5 12. c5 d6 13. b4 a5 14. a3 axb4 15. axb4 Na6 16. O-O Nxb4 17. cxd6 cxd6 18. Qb3 Na6 19. Nd2 Nc5 20. Qc2 b6 21. Rb1 Ba6 22.
Rxb6 Bxe2 23. Ne4 Ra1+ 24. Rb1 Rxb1+ 25. Qxb1 Nxe4 26. Bxe4 g6 27. Qb6 Ra8 28. h4 Ra1+ 29. Kh2 Qf6 30. Bg2 Bf1 31. Qb2 Bxg2 32. Qxa1 Bxd5 33.
Qe1 h5 34. Qe3 Kg7 35. Rc1 Qf5 36. Rd1 e4 37. Qd4+ 1-0

[Event "*** Titled Tuesday Blitz"]
[Site "Chess.com"]
[Date "2019.08.06"]
[Round "9"]
[White "GMKrikor"]
[Black "temus_galaktionov"]
[Result "1-0"]
[WhiteElo "2672"]
[BlackElo "2683"]
[TimeControl "180+2"]
[EndTime "15:08:51 PDT"]
[Termination "GMKrikor won by resignation"]

1. Nf3 c6 2. c4 g6 3. g3 Bg7 4.
Bg2 d6 5. O-O Nd7 6. d4 Ngf6 7.
Nc3 O-O 8. e4 e5 9. h3 Re8 10. Be3 b6 11. Qc2 Bb7 12. Rad1 Qc7 13. Rfe1 a6 14. Qd2 Rad8 15. d5 cxd5 16. cxd5 b5 17.
Rc1 Qa5 18. a3 Rc8 19. Rc2 Qd8 20. Rec1 Nc5 21. Bxc5 Rxc5 22. Ne1 Nd7 23. b4 Rc8 24. a4 bxa4 25. Nxa4 Rxc2 26. Rxc2 Nb6 27. Nb2 Qd7 28.
Qe3 Rc8 29. Qxb6 Rxc2 30. Nxc2 Qc8 31. Ne3 Qc1+ 32. Nbd1 Bc8 33. Qc6 Qxc6 34. dxc6 Kf8 35. Nd5 Ke8 36. Bf1 Kd8 37. Nb2 f5 38. f3 Bf8 39.
Na4 Bh6 40. Nab6 Be6 41. c7+ Ke8 42. Bxa6 Bc8 1-0

[Event "*** Titled Tuesday Blitz"]
[Site "Chess.com"]
[Date "2019.08.06"]
[Round "9"]
[White "vladimirdamjanovic"]
[Black "Slovak_fighter2000"]
[Result "0-1"]
[WhiteElo "2617"]
[BlackElo "2487"]
[TimeControl "180+2"]
[EndTime "15:08:51 PDT"]
[Termination "Slovak_fighter2000 won by resignation"]

1. e4 e6 2. d4 d5 3. Nc3 Nf6 4. Bg5 Be7 5. e5 Nfd7 6. Bxe7 Qxe7 7. f4 O-O 8. Nf3 a6 9. Bd3 f6 10. exf6 Qxf6 11. g3 c5 12. dxc5 Nxc5 13. O-O Nc6 14. Qe2 Nd4 15. Nxd4 Qxd4+ 16. Qf2 Qb4 17. a3 Qb6 18. b4 Nd7 19. Rae1 Qd6 20. Ne2 a5 21. c3 axb4 22. axb4 Ra2 23. Qd4 e5 24. fxe5 Rxf1+ 25. Rxf1 Qxe5 26. Bb5 Qxd4+ 27. Nxd4 Nf6 28. Nf5 Bxf5 29.
Rxf5 Rc2 30. Rf3 Kf7 31. Bd3 Rc1+ 32. Kg2 Ke6 33. Bf5+ Kd6 34. g4 h6 35. h4 g5 36. hxg5 hxg5 37. Bc8 Ne4 38. Bxb7 Rxc3 39. Rxc3 Nxc3 40. Kf3 d4 41. Ba6 Kd5 42. Bd3 Na4 43.
Ke2 Nb6 44. Kf3 Ke5 45. Kg3 Nd5 46. b5 Nb6 47. Kf3 Kd5 48. Be2 Nd7 49. Kg3 Ne5 50. Kf2 Kc5 51. Ke1 d3 52. Bxd3 Nxd3+ 53. Ke2 Ne5 54. Ke3 Nxg4+ 55. Ke4 Nf6+ 56. Kf5 g4 57. Kf4 Kxb5 0-1

[Event "*** Titled Tuesday Blitz"]
[Site "Chess.com"]
[Date "2019.08.06"]
[Round "9"]
[White "Supernotar"]
[Black "Shahinyan_ChessMood"]
[Result "0-1"]
[WhiteElo "2627"]
[BlackElo "2764"]
[TimeControl "180+2"]
[EndTime "15:08:52 PDT"]
[Termination "Shahinyan_ChessMood won by checkmate"]

1. d4 Nf6 2. c4 c5 3. Nf3 cxd4 4. Nxd4 Nc6 5. Nc3 g6 6. g3 Bg7 7. Bg2 O-O 8. O-O Qa5 9. Nb3 Qh5 10. c5 a5 11. Na4 d6 12. Nb6 Rb8 13. Nxc8 Rbxc8 14. cxd6 Rfd8 15. h4 Rxd6 16. Qc2 a4 17. Nd2 Qxe2 18. Bf3 Qa6 19. Ne4 Nxe4 20. Bxe4 b5 21. Bf4 Nd4 22.
Qd3 e5 23. Bc1 f5 24. Bg2 e4 25.
Qb1 a3 26. bxa3 Ne2+ 27. Kh2 Bxa1 28. Qxa1 Nxc1 29. Rxc1 Rxc1 30. Qxc1 Qc6 31. Qb2 Rd5 32. Bf1 Qd6 33. Bxb5 Qe5 34. Qb3 Kg7 35. Bc4 Rd2 36.
Qb7+ Kh6 37. Kg1 Qa1+ 38. Kg2 Qd4 39. Kh3 Qxf2 40. Bg8 Qf1# 0-1

[Event "*** Titled Tuesday Blitz"]
[Site "Chess.com"]
[Date "2019.08.06"]
[Round "9"]
[White "Rhemmy"]
[Black "tbalabayev"]
[Result "0-1"]
[WhiteElo "2493"]
[BlackElo "2394"]
[TimeControl "180+2"]
[EndTime "15:08:53 PDT"]
[Termination "tbalabayev won by resignation"]

1. e4 c5 2. Nf3 Nc6 3. d4 cxd4 4. Nxd4 Nf6 5. Nc3 e5 6. Ndb5 d6 7. Bg5 a6 8. Na3 b5 9. Bxf6 gxf6 10. Nd5 f5 11. g3 Bd7 12. exf5 Bxf5 13. Bg2 Rc8 14. c3 Bg7 15. Nc2 O-O 16. Nce3 Bg6 17. h4 h6 18. g4 a5 19. Nf5 b4 20. Be4 bxc3 21. bxc3 Rb8 22. Qd3 Rb2 23. g5 hxg5 24. h5 Bxf5 25.
Bxf5 e4 26. Qh3 Ne7 27. h6 Be5 28. Ne3 Bxc3+ 29. Kf1 Nxf5 30. Nxf5 Qf6 31. Rd1 Be5 32. Rg1 Kh8 33. h7 Rxa2 34. Qg4 a4 35. Qxe4 a3 36.
f3 Rb2 37. Rg2 a2 38. Rxb2 Bxb2 0-1

[Event "*** Titled Tuesday Blitz"]
[Site "Chess.com"]
[Date "2019.08.06"]
[Round "9"]
[White "ChessFunMaker"]
[Black "GremioPrudente"]
[Result "0-1"]
[WhiteElo "2228"]
[BlackElo "2241"]
[TimeControl "180+2"]
[EndTime "15:08:53 PDT"]
[Termination "GremioPrudente won by resignation"]

1. e4 e6 2. d4 d5 3. Nc3 Nf6 4. e5 Nfd7 5. f4 c5 6. Nf3 Nc6 7.
Be3 cxd4 8. Nxd4 Bc5 9. Qd2 O-O 10. Be2 a6 11. O-O-O Nxd4 12. Bxd4 b5 13. a3 Rb8 14. f5 Bxd4 15. Qxd4 Qg5+ 16. Kb1 Qxf5 17. Rhe1 Qxe5 18. Qxe5 Nxe5 19. Bxb5 axb5 20. Rxe5 b4 21. axb4 Rxb4 22. b3 Bd7 23. Kb2 Rfb8 24. Ra1 f6 25. Ree1 d4 26. Ne4 e5 27. Nc5 Bc8 28. Ra7 Bf5 29. Rea1 R4b5 30.
Rc7 Rc8 31. Raa7 Rxc5 32. Rxg7+ Kh8 33. g4 Bg6 34. Ka3 Rxc2 35. h4 Rc1 36. h5 Ra1+ 37. Kb4 Rxa7 38. Rxa7 Bc2 39. Rf7 d3 40. Rxf6 d2 41. Rd6 d1=Q 42. Rxd1 Bxd1 43. g5 Bxh5 0-1

[Event "*** Titled Tuesday Blitz"]
[Site "Chess.com"]
[Date "2019.08.06"]
[Round "9"]
[White "ChrisTool2"]
[Black "leclash"]
[Result "0-1"]
[WhiteElo "2276"]
[BlackElo "2215"]
[TimeControl "180+2"]
[EndTime "15:08:54 PDT"]
[Termination "leclash won by resignation"]

1. e4 e5 2. Nc3 Nf6 3. f4 d5 4.
fxe5 Nxe4 5. Nf3 Bc5 6. d4 Bb4 7.
Bd2 Bxc3 8. bxc3 O-O 9. c4 Bg4 10. Bd3 Bxf3 11. Qxf3 Nxd2 12. Kxd2 dxc4 13. Qxb7 Nd7 14.
Bxc4 Nxe5 15. Qd5 Nxc4+ 16. Qxc4 c5 17. c3 Qg5+ 18. Kd1 cxd4 19. cxd4 Qxg2 20. Re1 Rfe8 21.
Rc1 Rxe1+ 22. Kxe1 Re8+ 23. Kd1 Qh1+ 24. Kc2 Qxh2+ 25.
Kb3 Rb8+ 26. Ka4 h5 27. d5 Qb2 28. Rc2 Qb6 29. Rc3 h4 30. Qc5 Qa6+ 31. Qa5 Qxa5+ 32. Kxa5 Rd8 33. Rd3 g5 34. Ka6 g4 35. Kxa7 g3 36.
Kb7 g2 37. Rd1 Rxd5 38. Rxd5 g1=Q 39. a4 h3 40. a5 h2 41. a6 h1=Q 42. Kc6 Qc1+ 0-1

[Event "*** Titled Tuesday Blitz"]
[Site "Chess.com"]
[Date "2019.08.06"]
[Round "9"]
[White "Ginzburg_Yakov"]
[Black "Giraffe_Chess"]
[Result "0-1"]
[WhiteElo "2486"]
[BlackElo "2382"]
[TimeControl "180+2"]
[EndTime "15:08:54 PDT"]
[Termination "Giraffe_Chess won on time"]

1. e4 c5 2. Nf3 Nc6 3. d4 cxd4 4. Nxd4 Nf6 5. Nc3 d6 6. Bg5 e6 7.
Qd2 a6 8. O-O-O Bd7 9. Kb1 Be7 10.
Bxf6 gxf6 11. Be2 b5 12. Bh5 Ne5 13. f4 Nc4 14. Qe2 Rc8 15. Rd3 b4 16. Nd5 exd5 17.
exd5 Qa5 18. Re1 O-O 19. Bg4 b3 20. axb3 Bxg4 21. Qxg4+ Kh8 22. Rxe7 Nd2+ 23. Kc1 Nf1 24. Kd1 Rce8 25. Qd7 Rd8 26. Qa4 Qb6 27. Qc6 Qa5 28.
Qa4 Qb6 29. Nc6 Rde8 30. Rxe8 Rxe8 31. Qd4 Qa5 32. Qxf6+ Kg8 33. Qg5+ Kh8 34. Qf6+ Kg8 0-1